 Dungeon Crawl Stone Soup version 0.30-a0-830-gfe289a77b0 (webtiles) character file.

Game seed: 16674271250099829521

125 zenocrate the Shooter (level 5, -1/38 HPs)
             Began as a Formicid Hunter on Feb 28, 2023.
             Slain by a gnoll
             ... wielding a +0 spear
              (7 damage)
             ... on level 2 of the Dungeon.
             The game lasted 00:02:15 (1448 turns).

zenocrate the Shooter (Formicid Hunter)             Turns: 1448, Time: 00:02:16

Health: -1/38      AC:  3    Str: 15    XL:     5   Next: 30%
Magic:  5/5        EV: 12    Int:  9    God:
Gold:   76         SH:  0    Dex: 19    Spells: 4/4 levels left

rFire   . . .      SeeInvis +    a - +0 shortbow
rCold   . . .      Faith    .    (no shield)
rNeg    . . .      Spirit   .    c - +0 leather armour
rPois   .          Reflect  .    (helmet unavailable)
rElec   .          Harm     .    (no cloak)
rCorr   .          Rampage  .    (no gloves)
Will    .....                    (no boots)
Stlth   ++                       d - amulet of regeneration
HPRegen 1.06/turn                (no ring)
MPRegen 0.09/turn                (no ring)

@: brilliant
A: permanent stasis, dig shafts and tunnels, antennae 3, four strong arms,
evolution 1
a: Dig, Shaft Self


You were on level 2 of the Dungeon.
You visited 1 branch of the dungeon, and saw 2 of its levels.

You collected 76 gold pieces.

Inventory:

Hand Weapons
 a - a +0 shortbow (weapon)
Armour
 c - a +0 leather armour (worn)
Jewellery
 d - an amulet of regeneration (around neck)
Scrolls
 b - 2 scrolls of immolation
 e - a scroll of identify {unknown}
 g - 2 scrolls of silence {unknown}
 h - a scroll of enchant weapon {unknown}
 i - a scroll of teleportation {unknown}
 m - a scroll of blinking {unknown}
 p - a scroll of amnesia {unknown}
Potions
 j - a potion of resistance {unknown}
 k - a potion of heal wounds {unknown}
 l - a potion of mutation
 n - a potion of magic
 o - a potion of ambrosia {unknown}


   Skills:
 - Level 2.1 Fighting
 + Level 6.2 Ranged Weapons
 - Level 1.7 Dodging
 - Level 1.2 Stealth


You had 4 spell levels left.
You didn't know any spells.
Your spell library contained the following spells:

 Spells                   Type           Power      Damage    Failure   Level
 Sublimation of Blood     Necr           0%         N/A       58%         2
 Petrify                  Tmut/Erth      0%         N/A       99%         4
 Irradiate                Conj/Tmut      0%         3d11      100%        5


Dungeon Overview and Level Annotations

Branches:
Dungeon (2/15)

Altars:

Shops:
D:1 (


Innate Abilities, Weirdness & Mutations

You cannot be hasted, slowed, berserked, paralysed or teleported.
You can dig through walls and to a lower floor.
You have a pair of large antennae on your head. (SInv)
Your four strong arms can wield two-handed weapons with a shield.
You have hidden genetic potential.


Message History

The gnoll hits you from afar with a +0 spear.
You shoot an arrow.
The arrow hits the gnoll but does no damage.
The gnoll is almost dead.
The gnoll misses you.
The gnoll hits you from afar with a +0 spear.
The gnoll hits you with a +0 whip!
The gnoll hits you from afar with a +0 spear!
You are too injured to fight recklessly!
You are too injured to fight recklessly!
You shoot an arrow. The arrow hits the gnoll.
The gnoll is almost dead.
The gnoll hits you with a +0 whip.
The gnoll hits you from afar with a +0 spear.
It was a potion of mutation.
You feel extremely strange.
You feel clumsy.
You feel agile.
You feel a hidden potential growing inside you.
The gnoll hits you with a +0 whip.
* * * LOW HITPOINT WARNING * * *
The gnoll closely misses you.
You shoot an arrow. The arrow hits the gnoll.
You kill the gnoll!
The gnoll hits you from afar with a +0 spear.
* * * LOW HITPOINT WARNING * * *
You aren't carrying any items that you can evoke.
Unknown command.
It was a potion of magic.
Magic courses through your body. The gnoll barely misses you.
Fire: a) +0 shortbow
Press: ? - help, Q - select action, (/) - cycle Shift-Dir - straight line, f - gnoll
Aim: a gnoll, wielding a +0 spear (69% to hit)
You shoot an arrow. The arrow hits the gnoll.
The gnoll is moderately wounded.
The gnoll hits you from afar with a +0 spear.
* * * LOW HITPOINT WARNING * * *
Unknown command.
It was a potion of brilliance.
You feel clever all of a sudden.
The gnoll hits you from afar with a +0 spear!
You die...

............)...#
#################
....####### ###
........... ..#
###.####### #.# #.#
#.# #.# #.# #.# #)#
#.# #@# #.# #.# #.#
#g# #.# #g#
#.############g#####
#..................#
################.#.###
..............#..#.#
#############.#..#.#


You could see 3 gnolls.

Vanquished Creatures
  A gnoll (D:2)
  8 adders (D:2)
  2 dart slugs
  7 ball pythons
  2 endoplasms (D:1)
  5 giant cockroaches
  2 goblins
  4 hobgoblins
  2 jackals (D:1)
  A quokka (D:2)
  A bat (D:1)
  3 kobolds
  2 rats
40 creatures vanquished.

Notes
Turn   | Place    | Note
-------+----------+-------------------------------------------
     0 | D:1      | zenocrate the Formicid Hunter began the quest for the Orb.
     0 | D:1      | Reached XP level 1. HP: 16/16 MP: 1/1
    92 | D:1      | Reached XP level 2. HP: 22/22 MP: 2/2
   207 | D:1      | Found Hiatta Vac's Weapon Shoppe.
   518 | D:1      | Reached XP level 3. HP: 27/27 MP: 3/3
   799 | D:2      | Reached skill level 5 in Ranged Weapons
   872 | D:2      | Reached XP level 4. HP: 33/33 MP: 4/4
  1278 | D:2      | Reached skill level 6 in Ranged Weapons
  1278 | D:2      | Reached XP level 5. HP: 34/38 MP: 5/5
  1443 | D:2      | Gained mutation: You are clumsy. (Dex -2) [potion of
                  | mutation]
  1443 | D:2      | Lost mutation: You are clumsy. (Dex -2) [potion of
                  | mutation]
  1443 | D:2      | Gained mutation: You have hidden genetic potential. [potion
                  | of mutation]
  1448 | D:2      | Slain by a gnoll

Illustrated notes

Levels and vault maps discovered:
D:1:      arrival_zaba_pyramid, layout_basic, serial_shops, shop_fountains,
          corexii_corridor_pit, minmay_pentomino_p2
D:2:      layout_basic, minmay_snake_closets

Skill      XL: |  1  2  3  4 |
---------------+-------------+-----
Ranged Weapons | 5 6 |  6.2
Fighting       | |  2.1
Dodging        | |  1.7
Stealth        | |  1.2

Action                     |  1- 3 |  4- 6 || total
---------------------------+-------+-------++-------
   Fire: Shortbow          |    53 |    67 ||   120
    Use: Potion            |       |     3 ||     3
 Armour: Leather armour    |     3 |    16 ||    19
  Dodge: Dodged            |     9 |    25 ||    34

Table legend: (Time is in decaauts)
 A = Elapsed time spent in this place.
 B = Non-inter-level travel time spent in this place.
 C = Inter-level travel time spent in this place.
 D = Time resting spent in this place.
 E = Time spent auto-exploring this place.
 F = Levels seen in this place.
 G = Mean time per level.
                   A        B        C        D        E       F      G
               +--------+--------+--------+--------+--------+-----+--------+
         Total |   1481 |   1481 |      0 |      0 |   1201 |   2 |  740.5 |
       Dungeon |   1481 |   1481 |      0 |      0 |   1201 |   2 |  740.5 |
               +--------+--------+--------+--------+--------+-----+--------+

Top non-repeatable levels by time:
     D:1: 802 daAuts
     D:2: 678 daAuts
